 Dungeon Crawl Stone Soup version 0.24.1-14-gf8d2b509d9 (webtiles) character file.

Game seed: 9105499083020378460, levelgen mode: deterministic

53 Descartes the Charmwright (level 3, -1/16 HPs)
             Began as a Felid Skald on June 2, 2020.
             Slain by an adder (3 damage)
             ... on level 1 of the Dungeon.
             The game lasted 00:03:06 (2374 turns).

Descartes the Charmwright (Felid Skald)             Turns: 2374, Time: 00:03:07

Health: -1/16      AC:  1    Str:  8    XL:     3   Next: 62%
Magic:  6/7        EV: 18    Int: 17    God:
Gold:   72         SH:  0    Dex: 15    Spells: 3/6 levels left
                                        Lives:  0   Deaths: 0

rFire    . . .     SeeInvis +     - Unarmed
rCold    . . .     Gourm    .   (shield unavailable)
rNeg     . . .     Faith    .   (armour unavailable)
rPois    .         Spirit   .   (helmet unavailable)
rElec    .         Reflect  .   (cloak unavailable)
rCorr    .         Harm     .   (gloves unavailable)
MR       .....     Rnd*Tele +   (boots unavailable)
Stlth    ++........             (no amulet)
HPRegen  0.05/turn              h - +3 ring of intelligence
MPRegen  0.10/turn              i - ring of teleportation (curse)

@: lethally poisoned (-1 -> -7), quick
A: very small, no armour, no weapons or thrown items, stealth, claws 1, fangs 3,
see invisible, carnivore, speed 1, shaggy fur 1, slow metabolism 1, sharp paws
a: no special abilities


You were on level 1 of the Dungeon.
You were very full.

You visited 1 branch of the dungeon, and saw 2 of its levels.

You collected 72 gold pieces.

Inventory:

Missiles
 e - 28 stones
Jewellery
 h - a +3 ring of intelligence (left paw)
 i - a cursed ring of teleportation (right paw)
Scrolls
 a - a scroll of remove curse {unknown}
 d - a scroll of fog {unknown}
 f - 2 scrolls of identify {unknown}
Potions
 c - a potion of curing
 g - a potion of flight {unknown}
 k - a potion of mutation {unknown}
 l - a potion of degeneration {unknown}
Comestibles
 b - 2 rations


   Skills:
 + Level 2.3 Fighting
 + Level 3.5 Dodging
 * Level 2.1 Stealth
 * Level 2.5 Unarmed Combat
 + Level 2.2 Spellcasting
 + Level 4.0 Charms
 + Level 1.0 Translocations


You had 3 spell levels left.
You knew the following spells:

 Your Spells              Type           Power        Failure   Level  Hunger
a - Infusion              Chrm           ###.         3%          1    #......
b - Shroud of Golubria    Chrm/Tloc      ##....       10%         2    ###....

Your spell library contained the following spells:

 Spells                   Type           Power        Failure   Level  Hunger
 Song of Slaying          Chrm           ###.....     5%          2    ###....
 Regeneration             Chrm/Necr      #.........   26%         3    ###....
 Spectral Weapon          Hex/Chrm       Unusable     N/A         3    N/A

Dungeon Overview and Level Annotations

Branches:
Dungeon (2/15)

Altars:


Innate Abilities, Weirdness & Mutations

You cannot wear armour.
You are incapable of wielding weapons or throwing items.
Your paws allow you to move quietly. (Stealth)
You have sharp claws.
You have razor-sharp teeth.
You have supernaturally acute eyesight. (SInv)
You are carnivorous and can eat meat at any time.
You cover ground quickly.
You are covered in fur. (AC +1)
You have a slow metabolism.
Your sharp claws are effective at attacking unaware monsters.


Message History

You scratch the adder.
The adder is severely wounded.
You feel sick. The adder misses you. The adder closely misses you.
You claw the adder!
You kill the adder!
Your Charms skill increases to level 4!
Your Translocations skill increases to level 1!
The adder misses you.
You barely miss the adder. The adder bites you but does no damage.
You scratch the adder but do no damage. You bite the adder.
The adder is moderately wounded.
You feel sick. The adder closely misses you.
You closely miss the adder.
The adder is moderately wounded.
The adder bites you.
* * * LOW HITPOINT WARNING * * *
You scratch the adder but do no damage.
The adder is moderately wounded.
The adder misses you. The adder bites you.
You die...

#.....# #.# ##.# #.....# #.# #.#
##...## #.# #.# #.### #.# ##+# #
#.# #.# ##... ## ###.# #.####
##.... .## ##.#.# #....# ##.....
..####....##########...>###......
..'.............@S........'......
..####....##########...####...)..
.## ##.#.# #....# ##..... ##
###.# #.#### ##.... # #####.#####
#.# ##... #.........# #.# ##'#
#.###.###.# #.# #.# #.# #).##.#
#.# #.# #.# ##.##.# ###.#####
##.#


You could see an adder.

Vanquished Creatures
  2 adders
  A worm (D:2)
  2 dart slugs (D:1)
  6 bats (D:1)
  2 goblins (D:1)
  3 hobgoblins (D:1)
  3 jackals (D:1)
  3 kobolds (D:1)
  5 rats (D:1)
27 creatures vanquished.

Notes
Turn   | Place    | Note
-------+----------+-------------------------------------------
     0 | D:1      | Descartes the Felid Skald began the quest for the Orb.
     0 | D:1      | Reached XP level 1. HP: 9/9 MP: 4/4
   489 | D:1      | Reached skill level 1 in Stealth
   489 | D:1      | Reached XP level 2. HP: 13/13 MP: 6/6
   506 | D:1      | Learned a level 2 spell: Shroud of Golubria
  1295 | D:1      | Reached XP level 3. HP: 10/16 MP: 5/7
  2370 | D:1      | Reached skill level 4 in Charms
  2370 | D:1      | Reached skill level 1 in Translocations
  2374 | D:1      | Slain by an adder

Levels and vault maps discovered:
D:1:      dpeg_arrival_stone_temple_mockup, layout_loops_corners
D:2:      layout_loops_corners, first_ration, grunt_ministairs_7,
          chequers_serial_rivers_micro_c, minmay_tetromino_i2

Skill      XL: |  1  2  3 |
---------------+----------+-----
Stealth        | 1 2 |  2.1
Charms         | 4 |  4.0
Translocations | 1 |  1.0
Fighting       | |  2.3
Dodging        | |  3.5
Unarmed Combat | |  2.5
Spellcasting   | |  2.2

Action                   || total
-------------------------++-------
Melee: Unarmed           ||   134
       Bite              ||     5
       Punch             ||     1
 Cast: Shroud of Golubri ||     4
  Use: Potion            ||     1
 Stab: Sleeping          ||     6
  Eat: Chunk             ||    10
Armor: Skin              ||     8
Dodge: Dodged            ||   113
